 Dungeon Crawl Stone Soup version 0.30-a0-159-g068b764562 (webtiles) character file.

Game seed: 14004587134091889845

112 qw the Chopper (level 4, 0/28 HPs)
             Began as a Gargoyle Fighter on Sept 27, 2022.
             Slain by Sigmund
             ... wielding a +0 scythe
              (7 damage)
             ... on level 3 of the Dungeon.
             The game lasted 00:00:56 (2088 turns).

qw the Chopper (Gargoyle Fighter)                   Turns: 2088, Time: 00:00:56

Health: 0/28       AC: 12    Str: 27    XL:     4   Next: 95%
Magic:  4/4        EV:  8    Int:  9    God:
Gold:   80         SH:  4    Dex:  9    Spells: 3/3 levels left

rFire   . . .      SeeInvis .    Y - +0 war axe
rCold   + . .      Faith    .    c - +0 buckler
rNeg    + . .      Spirit   .    l - +0 chain mail
rPois   inf        Reflect  .    (no helmet)
rElec   +          Harm     .    (no cloak)
rCorr   .          Rampage  .    (no gloves)
Will    .....                    (no boots)
Stlth   ..........               (no amulet)
HPRegen 0.09/turn                g - ring of protection from cold
MPRegen 0.09/turn                h - +6 ring of strength

@: no status effects
A: sickness immunity, AC +3, negative energy resistance 1, electricity
resistance, torment resistance 1, petrification resistance
a: no special abilities


You were on level 3 of the Dungeon.
You visited 1 branch of the dungeon, and saw 3 of its levels.

You collected 80 gold pieces.


Innate Abilities, Weirdness & Mutations

You are immune to sickness and miasma.
Your stone body is resilient. (AC +3)
You are immune to poison.
You resist negative energy. (rN+)
You are resistant to electric shocks. (rElec)
You are resistant to unholy torment.
You are immune to petrification.


   Skills:
 - Level 3.2 Fighting
 + Level 4.5 Axes
 - Level 3.2 Armour
 - Level 3.2 Shields


You had 3 spell levels left.
You didn't know any spells.
Your spell library was empty.

Inventory:

Hand Weapons
 j - a +0 vorpal mace
 Y - a +0 war axe (weapon)
Armour
 a - a +0 pair of gloves
 c - a +0 buckler (worn)
 l - a +0 chain mail (worn)
Jewellery
 g - a ring of protection from cold (left hand)
 h - a +6 ring of strength (right hand)
Potions
 d - a potion of might
 e - a potion of mutation {unknown}
 f - a potion of lignification {unknown}
 k - a potion of curing {unknown}

Dungeon Overview and Level Annotations

Branches:
Dungeon (3/15)

Altars:

Annotations:
D:3 Sigmund


Message History

You closely miss the goblin. Something hits you.
The goblin hits you but does no damage.
You closely miss the goblin. The goblin hits you but does no damage.
Something hits you!
2073 ||| DRINKING potion of heal wounds.
You feel much better. The goblin hits you but does no damage.
Something hits you but does no damage.
You slash the goblin!
You kill the goblin!
Something hits you but does no damage.
You swing at nothing.
You swing at nothing.
Something hits you.
You swing at nothing.
Something hits you but does no damage.
You swing at nothing.
You block something's attack.
You swing at nothing.
You hear some strange, mumbled words.
A puff of flame appears from out of thin air!
The puff of flame misses you.
You swing at nothing.
Something hits you!
You swing at nothing.
Something hits you but does no damage.
You swing at nothing.
Something hits you but does no damage.
You swing at nothing.
You hear some strange, mumbled words.
Something tries to affect you, but you resist.
You swing at nothing.
Something hits you.
You swing at nothing.
Something hits you.
You swing at nothing.
You swing at nothing.
Something hits you but does no damage.
You swing at nothing.
Something hits you!
You die...

..g###..... .......... #......
#...@# #.# #.# #.# #
#########{######.#
.......@)........#
###############..####
#####.....# ##.##
###.........# #..#
.##.........# ##.##
..........### #..#
......##################.#
.)....................##.#####
.#####.......###......##.....#
.


There were no monsters in sight!

Vanquished Creatures
  A hound (D:3)
  Terence (D:2)
  2 dart slugs (D:1)
  2 bats (D:1)
  3 endoplasms
  6 giant cockroaches
  6 goblins
  3 hobgoblins (D:1)
  2 quokkas (D:1)
  3 ball pythons
  6 frilled lizards
  12 kobolds
  5 rats
52 creatures vanquished.

Notes
Turn   | Place    | Note
-------+----------+-------------------------------------------
     0 | D:1      | qw the Gargoyle Fighter began the quest for the Orb.
     0 | D:1      | Reached XP level 1. HP: 14/14 MP: 1/1
     0 | D:1      | 0 ||| qw: Version: 0.2-a-10-g37ed214
     0 | D:1      | 0 ||| qw: Game counter: 573
     0 | D:1      | 0 ||| qw: Always use a shield: true
     0 | D:1      | 0 ||| qw: God list: Okawaru
     0 | D:1      | 0 ||| qw: Allow faded altars: false
     0 | D:1      | 0 ||| qw: Do Orc after D:15 true
     0 | D:1      | 0 ||| qw: Do second Lair branch before Depths: true
     0 | D:1      | 0 ||| qw: Lair rune preference: random
     0 | D:1      | 0 ||| qw: Plans: Normal, Zot:1-4, God:TSO, Crypt, Tomb,
                  | Pan, Slime:5, Hells, Abyss, Orb
     0 | D:1      | 0 ||| PLANNING D:1-11
   137 | D:1      | 137 ||| Stepping ~*~*~tactically~*~*~ (hiding).
   144 | D:1      | Reached skill level 2 in Axes
   325 | D:1      | Reached XP level 2. HP: 19/19 MP: 2/2
   629 | D:1      | 629 ||| Stepping ~*~*~tactically~*~*~ (stealth).
   630 | D:1      | 630 ||| Stepping ~*~*~tactically~*~*~ (stealth).
   631 | D:1      | 631 ||| Stepping ~*~*~tactically~*~*~ (stealth).
   632 | D:1      | 632 ||| Stepping ~*~*~tactically~*~*~ (stealth).
   633 | D:1      | 633 ||| Stepping ~*~*~tactically~*~*~ (stealth).
   634 | D:1      | 634 ||| Stepping ~*~*~tactically~*~*~ (stealth).
   732 | D:1      | Found a faded altar of an unknown god.
   790 | D:1      | Reached skill level 3 in Axes
   838 | D:1      | 838 ||| Stepping ~*~*~tactically~*~*~ (stealth).
   839 | D:1      | 839 ||| Stepping ~*~*~tactically~*~*~ (stealth).
   845 | D:1      | Reached XP level 3. HP: 23/23 MP: 3/3
   863 | D:1      | 863 ||| Stepping ~*~*~tactically~*~*~ (stealth).
   870 | D:1      | 870 ||| Stepping ~*~*~tactically~*~*~ (stealth).
   871 | D:1      | 871 ||| Stepping ~*~*~tactically~*~*~ (stealth).
   878 | D:1      | 878 ||| Stepping ~*~*~tactically~*~*~ (stealth).
   879 | D:1      | 879 ||| Stepping ~*~*~tactically~*~*~ (stealth).
   882 | D:1      | 882 ||| Stepping ~*~*~tactically~*~*~ (stealth).
   884 | D:1      | 884 ||| Stepping ~*~*~tactically~*~*~ (stealth).
   937 | D:1      | 937 ||| Stepping ~*~*~tactically~*~*~ (stealth).
   950 | D:1      | 950 ||| Stepping ~*~*~tactically~*~*~ (stealth).
  1003 | D:1      | 1003 ||| DROPPING +0 whip.
  1176 | D:1      | 1176 ||| UPGRADING to ring of protection from cold.
  1177 | D:1      | 1177 ||| UPGRADING to +6 ring of strength.
  1178 | D:1      | 1178 ||| READING 3 scrolls labelled XIATTU KOESHACK.
  1179 | D:1      | 1179 ||| DROPPING 2 scrolls of magic mapping.
  1217 | D:2      | 1217 ||| Stepping ~*~*~tactically~*~*~ (stealth).
  1322 | D:2      | Noticed Terence
  1330 | D:2      | Killed Terence
  1331 | D:2      | Reached skill level 4 in Axes
  1331 | D:2      | Reached XP level 4. HP: 21/28 MP: 4/4
  1474 | D:2      | 1474 ||| Stepping ~*~*~tactically~*~*~ (stealth).
  1710 | D:2      | 1710 ||| UPGRADING to +0 chain mail.
  1720 | D:2      | 1720 ||| DROPPING +0 scale mail.
  1721 | D:2      | 1721 ||| DROPPING orb of energy.
  1722 | D:2      | 1722 ||| READING scroll labelled DIORUO MAYNKISM.
  1723 | D:2      | 1723 ||| READING scroll labelled QAIH MAFRU.
  1773 | D:2      | 1773 ||| READING scroll labelled RISYQO EJUISK.
  1774 | D:2      | 1774 ||| READING scroll labelled MITREA YNEIDU.
  1775 | D:2      | 1775 ||| DRINKING 2 emerald potions.
  2045 | D:3      | 2045 ||| Stepping ~*~*~tactically~*~*~ (stealth).
  2046 | D:3      | Noticed Sigmund
  2047 | D:3      | 2047 ||| Stepping ~*~*~tactically~*~*~ (stealth).
  2058 | D:3      | 2058 ||| Stepping ~*~*~tactically~*~*~ (hiding).
  2059 | D:3      | 2059 ||| Stepping ~*~*~tactically~*~*~ (hiding).
  2060 | D:3      | 2060 ||| Stepping ~*~*~tactically~*~*~ (hiding).
  2061 | D:3      | 2061 ||| Stepping ~*~*~tactically~*~*~ (hiding).
  2062 | D:3      | 2062 ||| Stepping ~*~*~tactically~*~*~ (hiding).
  2072 | D:3      | HP: 7/28 [something (7)]
  2073 | D:3      | 2073 ||| DRINKING potion of heal wounds.
  2085 | D:3      | HP: 7/28 [something (6)]
  2088 | D:3      | Slain by Sigmund

Levels and vault maps discovered:
D:1:      ncdulo_halloftheorcs, layout_loops_ring,
          hellmonk_ecumenical_altar_arch_garden
D:2:      layout_rooms, uniq_terence
D:3:      layout_basic, ebering_ghost_sewer_d, amcnicky_mini_corridor_feature,
          uniq_crazy_yiuf_cottage, uniq_robin, uniq_sigmund

Skill      XL: |  1  2  3 |
---------------+----------+-----
Axes           | 2 3 4 |  4.5
Fighting       | |  3.2
Armour         | |  3.2
Shields        | |  3.2

Action                   |  1- 3 |  4- 6 || total
-------------------------+-------+-------++-------
Melee: War axe           |   109 |    32 ||   141
  Use: Scroll            |     1 |     4 ||     5
       Potion            |       |     2 ||     2
Armor: Scale mail        |    63 |     2 ||    65
       Chain mail        |       |    20 ||    20
Dodge: Dodged            |    46 |     5 ||    51
Block: Buckler           |    18 |     7 ||    25

Table legend:
 A = Non-vault XP
 B = Vault XP
 C = Vault XP percentage of total XP
 D = Non-vault monster count
 E = Vault monster count
 F = Vault count percentage of total count
                 A         B        C        D         E       F
            +---------+---------+-------+---------+---------+-------
      Total |     123 |      38 |  23.6 |      50 |       2 |   3.8
            +---------+---------+-------+---------+---------+-------
        D:1 |      54 |       0 |   0.0 |      30 |       0 |   0.0
        D:2 |      21 |      36 |  63.2 |      14 |       1 |   6.7
        D:3 |      48 |       2 |   4.0 |       6 |       1 |  14.3
            +---------+---------+-------+---------+---------+-------
